 Dungeon Crawl Stone Soup version 0.29.1-13-g9f3cf754e1 (webtiles) character file.

Game seed: 13708379539783442853

855 raph the Firebug (level 7, -1/37 HPs)
             Began as a Deep Elf Fire Elementalist on Feb 11, 2023.
             Was an Initiate of Sif Muna.
             Slain by a bullfrog (6 damage)
             ... on level 6 of the Dungeon.
             The game lasted 00:09:11 (6531 turns).

raph the Firebug (Deep Elf Fire Elementalist)       Turns: 6531, Time: 00:09:11

Health: -1/37      AC:  4    Str:  5    XL:     7   Next: 70%
Magic:  5/26       EV: 13    Int: 22    God:    Sif Muna [......]
Gold:   187        SH:  0    Dex: 15    Spells: 2/17 levels left

rFire   . . .      SeeInvis .   p - +0 quarterstaff
rCold   . . .      Faith    .   (shield currently unavailable)
rNeg    . . .      Spirit   .   a - +0 robe
rPois   .          Reflect  .   l - +0 helmet
rElec   .          Harm     .   (no cloak)
rCorr   .          Rampage  .   (no gloves)
Will    .....                   i - +0 pair of boots
Stlth   ++........              (no amulet)
HPRegen 0.12/turn               c - ring of magical power
MPRegen 0.20/turn               x - +4 ring of slaying

@: no status effects
A: no striking features
a: Renounce Religion


You were on level 6 of the Dungeon.
You worshipped Sif Muna.
Sif Muna was noncommittal.
You visited 2 branches of the dungeon, and saw 7 of its levels.

You collected 277 gold pieces.
You spent 90 gold pieces at shops.

Inventory:

Hand Weapons
 g - a +0 short sword
 p - a +0 quarterstaff (weapon)
 v - the +0 spear "Usiulaz" {pain, rF++ MP-9 Str+4}
   (You found it on level 5 of the Dungeon)

   In the hands of one skilled in necromantic magic, it inflicts extra damage on
   living creatures.
   Str:       It affects your strength (+4).
   rF:        It greatly protects you from fire.
   MP:        It affects your magic capacity (-9).
Missiles
 q - 8 poisoned darts
Armour
 a - a +0 robe (worn)
 i - a +0 pair of boots (worn)
 l - a +0 helmet (worn)
 t - a +0 buckler
Jewellery
 c - a ring of magical power (left hand)
 w - a ring of flight
 x - a +4 ring of slaying (right hand)
Wands
 e - a wand of flame (15)
Scrolls
 n - a scroll of magic mapping
 r - a scroll of blinking
 s - a scroll of teleportation
Potions
 b - a potion of magic
 d - 4 potions of curing
 f - 2 potions of cancellation
 h - a potion of mutation {unknown}
 j - 3 potions of flight
 k - a potion of brilliance {unknown}
 m - a potion of lignification {unknown}
 o - 2 potions of might {unknown}


   Skills:
 + Level 0.3 Fighting
 + Level 2.7 Dodging
 - Level 2.4 Stealth
 + Level 5.8 Spellcasting
 * Level 5.0 Conjurations
 * Level 7.5 Fire Magic


You had 2 spell levels left.
You knew the following spells:

 Your Spells              Type           Power      Damage    Failure   Level
a - Foxfire               Conj/Fire      100%       2x1d9     1%          1
b - Scorch                Fire           78%        2d8       1%          2
c - Conjure Flame         Conj/Fire      34%        6-21      1%          3
d - Inner Flame           Hex/Fire       23%        N/A       6%          3
e - Searing Ray           Conj           56%        2d6       1%          2
f - Flame Wave            Conj/Fire      34%        2d10      7%          4

Your spell library contained the following spells:

 Spells                   Type           Power      Damage    Failure   Level
 Magic Dart               Conj           100%       1d8       1%          1
 Static Discharge         Conj/Air       17%        3-6/arc   4%          2
 Fulminant Prism          Conj/Hex       8%         3d7       32%         4
 Lightning Bolt           Conj/Air       8%         1d21      67%         5
 Maxwell's Capacitive Co  Air            3%         ∞         100%        8


Dungeon Overview and Level Annotations

Branches:
Dungeon (6/15)             Temple (1/1) D:5

Altars:
Ashenzari
Cheibriados
Fedhas
Gozag
Hepliaklqana
Nemelex Xobeh
Okawaru
Qazlal
Sif Muna
Trog
Vehumet
Wu Jian
Xom
Yredelemnul
Zin
The Shining One

Shops:
D:4 **


Message History

You are poisoned.
Casting: Foxfire (safe; 1% risk of failure)
Confirm with . or Enter, or press ? or * to list all spells.
Flames lash the bullfrog.
The bullfrog is heavily wounded.
The bullfrog's fire resistance burns away.
You feel sick.
The foxfire hits the kobold brigand.
The kobold brigand is almost dead.
The foxfire hits the kobold brigand!
You kill the kobold brigand!
Sif Muna accepts your kill. The shadow imp gestures at you.
Pain shoots through your body!
Your Conjurations skill increases to level 5!
You feel sick.
Your magical contamination has completely faded away.
Casting: Scorch (safe; 1% risk of failure)
Confirm with . or Enter, or press ? or * to list all spells.
Flames lash the kobold.
You kill the kobold!
Sif Muna accepts your kill.
You feel sick. The bullfrog hits you.
The bullfrog hits you but does no damage.
You feel sick.
You feel sick. The bullfrog closely misses you.
You feel sick.
You are no longer poisoned.
The bullfrog is no longer more vulnerable to fire.
You see here a +0 falchion.
The bullfrog hits you.
* * * LOW HITPOINT WARNING * * *
Okay, then.
There is a stone staircase leading up here.
Casting: Scorch (safe; 1% risk of failure)
Confirm with . or Enter, or press ? or * to list all spells.
Flames lash the shadow imp.
You kill the shadow imp!
Sif Muna accepts your kill. The bullfrog hits you.
You die...

#########
..##.F@#
#.##)###
#######.##.#
...........#
....).)....#
....).)....#
...).).........
.....).....#...#
...........#...#


You could see a bullfrog.

Vanquished Creatures
  Sigmund (D:4)
  A black bear (D:4)
  An ogre (D:5)
  A kobold brigand (D:6)
  2 scorpions (D:5)
  2 hounds
  A jelly (D:4)
  An orc priest (D:4)
  An iguana (D:5)
  Robin (D:2)
  3 adders
  A shadow imp (D:6)
  A worm (D:4)
  5 dart slugs
  20 orcs
  10 ball pythons
  7 endoplasms
  3 giant cockroaches (D:4)
  11 goblins
  10 hobgoblins
  4 jackals (D:1)
  5 quokkas
  7 bats
  3 frilled lizards (D:1)
  16 kobolds
  4 rats
122 creatures vanquished.

Vanquished Creatures (others)
  311 foxfires
311 creatures vanquished.

Grand Total: 433 creatures vanquished

Notes
Turn   | Place    | Note
-------+----------+-------------------------------------------
     0 | D:1      | raph the Deep Elf Fire Elementalist began the quest for the
                  | Orb.
     0 | D:1      | Reached XP level 1. HP: 10/10 MP: 6/6
   286 | D:1      | Reached skill level 4 in Fire Magic
   286 | D:1      | Reached XP level 2. HP: 15/15 MP: 5/8
   351 | D:1      | Learned a level 2 spell: Scorch
   904 | D:1      | Reached XP level 3. HP: 19/19 MP: 6/9
  1127 | D:1      | Learned a level 3 spell: Conjure Flame
  1495 | D:2      | Noticed Robin
  1719 | D:2      | Found a shimmering altar of Xom.
  1963 | D:2      | Killed Robin
  2165 | D:2      | Reached skill level 5 in Fire Magic
  2290 | D:2      | Reached XP level 4. HP: 24/24 MP: 8/11
  2443 | D:2      | Found a faded altar of an unknown god.
  3226 | D:3      | Found a glowing golden altar of the Shining One.
  3357 | D:3      | Learned a level 3 spell: Inner Flame
  3667 | D:4      | Reached XP level 5. HP: 28/28 MP: 13/13
  3714 | D:4      | Noticed Sigmund
  3724 | D:4      | Killed Sigmund
  3725 | D:4      | Reached skill level 6 in Fire Magic
  3725 | D:4      | Reached XP level 6. HP: 32/32 MP: 14/15
  4115 | D:4      | Found Empyse's General Store.
  4120 | D:4      | Found Xyoj's General Store.
  4153 | D:4      | Learned a level 2 spell: Searing Ray
  4403 | D:4      | Reached skill level 5 in Spellcasting
  4726 | D:4      | Bought a scroll of blinking for 90 gold pieces
  4757 | D:5      | Entered Level 5 of the Dungeon
  4779 | D:5      | Reached XP level 7. HP: 36/36 MP: 16/16
  4783 | D:5      | Reached skill level 7 in Fire Magic
  5436 | D:5      | Found a staircase to the Ecumenical Temple.
  5483 | Temple   | Entered the Ecumenical Temple
  5658 | Temple   | Became a worshipper of Sif Muna the Loreminder
  5984 | D:5      | Learned a level 4 spell: Flame Wave
  5989 | D:5      | Identified the +0 spear "Usiulaz" {pain, rF++ MP-9 Str+4}
  6524 | D:6      | Reached skill level 5 in Conjurations
  6531 | D:6      | Slain by a bullfrog

Illustrated notes

Levels and vault maps discovered:
D:1:      ncdulo_halloftheorcs, layout_basic, minmay_misc_feat_tower,
          st_stairs_3
D:2:      layout_basic, ebering_ecumenical_altar_hall, basic_altar, uniq_robin
D:3:      layout_basic, general_overflow_altar, amethyst_killhole,
          nicolae_concentric_dashed_squares_mild, fountainhead
D:4:      layout_basic, serial_shops, shop, shop, uniq_sigmund
D:5:      mumra_celtic_spiral_tile, layout_basic, minmay_temple_entry_trees,
          minmay_splitting_lines
D:6:      layout_basic, enter_ossuary_4
Temple:   regret_index_temple_waves

Skill      XL: |  1  2  3  4  5  6  7 |
---------------+----------------------+-----
Fire Magic     | 4 5 6 7 |  7.5
Conjurations   | 2 3 4 5 |  5.0
Spellcasting   | 4 5 |  5.8
Fighting       | |  0.3
Dodging        | |  2.7
Stealth        | |  2.4

Action                   |  1- 3 |  4- 6 |  7- 9 || total
-------------------------+-------+-------+-------++-------
Melee: Short sword       |     4 |     1 |       ||     5
       Unarmed           |     1 |       |       ||     1
 Cast: Foxfire           |    74 |    77 |    30 ||   181
       Scorch            |     7 |    22 |    10 ||    39
       Conjure Flame     |     1 |     3 |     1 ||     5
       Inner Flame       |       |     1 |     3 ||     4
  Use: Scroll            |       |     8 |     3 ||    11
Armor: Robe              |     2 |     3 |     2 ||     7
Dodge: Dodged            |    15 |     8 |     6 ||    29
